cohdb
Replays
Latest Replays
All Replays
Popular Replays
Top Player Replays
Match Explorer
How It Works
Community
CoH3 Stats
Reddit
Sign in to upload your games and track your stats! →
Sign in with Steam
Match 44822884
Unlisted
Match 44822884
Overview
Messages
Build Orders
End
Construct Infanterie Kompanie
MG 42 Machine Gun Team
Selects Breakthrough Battlegroup
Selects Assault Grenadiers
MG 42 Machine Gun Team
GrW 34 Mortar Team
Grenadier Squad
Construct Panzergrenadier Kompanie
Grenadier Squad
Selects Smoke Bombing Run
251 Medium Carrier
MG 42 Machine Gun Team
Grenadier Squad
Selects Incendiary Bombing Run
Pak 40 Anti-tank Gun Team
Incendiary Bombing Run
Construct Panzer Kompanie
Incendiary Bombing Run
Grenadier Squad
Smoke Bombing Run
Selects Rapid Production
Selects Blitzkrieg
AI Takeover
陌
kj98626
Von Batmanouche
rhinehard_troyat_von_kastanin
margnus17
Serial Chiller
TW_ponpon
smurfsssss
0
0
Comments
sign in to comment!
No comments posted yet!